 Dungeon Crawl Stone Soup version 0.32-a0-913-g739538afd8 (webtiles) character file.

Game seed: 1646601870612686425

4788 bronco the Arsonist (level 10, -4/69 HPs)
             Began as a Mountain Dwarf Fire Elementalist on Apr 8, 2024.
             Killed from afar by an electric eel (11 damage)
             ... with a bolt of electricity
             ... on level 7 of the Dungeon.
             The game lasted 00:27:01 (8065 turns).

bronco the Arsonist (MDFE)                          Turns: 8065, Time: 00:27:01

Health: -4/69      AC:  7    Str: 12    XL:     10   Next: 24%
Magic:  17/23      EV: 10    Int: 25    God:
Gold:   376        SH:  5    Dex: 10    Spells: 14/27 levels left

rFire   + . .        g - +3 short sword (venom)
rCold   x . .        (no shield)
rNeg    . . .        a - +0 robe
rPois   .            (no helmet)
rElec   .            o - +1 cloak
rCorr   .            C - +2 pair of gloves
SInv    .            (no boots)
Will    +....        w - amulet of reflection
Stlth   ++           v - ring of fire
HPRegen 0.31/turn    B - +6 ring of intelligence
MPRegen 0.18/turn

%: reflection
@: slowed, very slow
A: runic magic, artefact enchanting
a: no special abilities


You were on level 7 of the Dungeon.
You visited 2 branches of the dungeon, and saw 11 of its levels.
You also visited: Sewer.

You collected 376 gold pieces.

Inventory:

Hand Weapons
 e - a +0 dagger
 g - a +3 short sword of venom (weapon)
 j - a +0 heavy war axe
 J - a +3 war axe of freezing
Missiles
 h - a throwing net
 k - 13 poisoned darts
 m - 8 boomerangs
 E - a curare-tipped dart
Armour
 a - a +0 robe (worn)
 o - a +1 cloak (worn)
 z - a +0 leather armour
 C - a +2 pair of gloves (worn)
Magical Staves
 F - the staff of Ewna {rN+ Air Earth}
   (You took it off a centaur on level 9 of the Dungeon)

   [staff of earth]

   Base accuracy: +5 Base damage: 5 Base attack delay: 1.2 This weapon's minimum
   attack delay (0.6) is reached at skill level 12.
   rN+:       It protects you from negative energy.
   Air:       It increases the power of your Air spells.
   Earth:     It increases the power of your Earth spells.
   It falls into the 'Staves' category.
   It is a one-handed weapon.
Jewellery
 f - a +6 ring of strength
 p - a ring of magical power
 t - a ring of protection from fire
 v - a ring of fire (left hand)
 w - an amulet of reflection (around neck)
 B - a +6 ring of intelligence (right hand)
 H - a ring of resist corrosion
Wands
 y - a wand of roots (5)
 I - a wand of acid (3)
Scrolls
 n - a scroll of blinking
 s - a scroll of torment {unknown}
 x - 2 scrolls of amnesia
Potions
 b - 2 potions of magic
 c - 5 potions of haste
 d - a potion of attraction
 l - a potion of mutation
 q - a potion of resistance {unknown}
 r - a potion of cancellation
 u - 2 potions of heal wounds {unknown}
 A - a potion of enlightenment {unknown}
 D - 2 potions of lignification
 G - a potion of curing {unknown}


   Skills:
 - Level 1.3 Dodging
 - Level 1.4 Stealth
 - Level 9.4 Spellcasting
 - Level 5.8 Conjurations
 + Level 10.6 Fire Magic


You had 14 spell levels left.
You knew the following spells:

 Your Spells              Type           Power      Damage    Failure   Level
a - Foxfire               Conj/Fire      100%       2x1d9     1%          1
b - Scorch                Fire           100%       2d9       1%          2
c - Volatile Blastmotes   Fire/Tloc      100%       2d18      1%          3
d - Inner Flame           Hex/Fire       55%        N/A       1%          3
e - Flame Wave            Conj/Fire      68%        2d15      1%          4

Your spell library contained the following spells:

 Spells                   Type           Power      Damage    Failure   Level
 Lesser Beckoning         Tloc           22%        N/A       8%          2
 Maxwell's Portable Pile  Tloc           11%        2d(6-16)  16%         3
 Passwall                 Erth           11%        N/A       16%         3
 Teleport Other           Tloc           11%        N/A       16%         3
 Vhi's Electric Charge    Tloc/Air       22%        N/A       45%         4
 Bombard                  Conj/Erth      13%        9d3       94%         6
 Chain Lightning          Conj/Air       13%        3d17      100%        9
 Fire Storm               Conj/Fire      34%        8d9       100%        9
 Shatter                  Erth           5%         3d8*      100%        9


Dungeon Overview and Level Annotations

Branches:
Dungeon (10/15)            Temple (1/1) D:4            Lair (0/5) D:8
  Sewer (visited)
    Orc: D:9-12

Altars:
Ashenzari
Cheibriados
Dithmenos
Elyvilon
Fedhas
Hepliaklqana
Makhleb
Nemelex Xobeh
Okawaru
Qazlal
Ru
Trog
Uskayaw
Xom
Yredelemnul
Zin
The Shining One

Shops:
D:5 (


Innate Abilities, Weirdness & Mutations

Your spellcasting is much less encumbered by armour.
You can use scrolls of enchantment on lesser artefacts.


Message History

Confirm with . or Enter, or press ? or * to list all spells.
You feel a surge of power!
Flames lash the hornet.
The hornet is burned terribly!
The hornet is heavily wounded.
You feel very sick. The hornet barely misses you.
The hornet closely misses you.
Unknown command.
Casting: Scorch (safe; 1% risk of failure)
Confirm with . or Enter, or press ? or * to list all spells.
You feel a surge of power!
You conjure some foxfire!
You feel sick.
The hornet stings you but does no damage. x3
You hit the hornet.
The hornet is poisoned.
The hornet is heavily wounded.
You feel sick.
The foxfire hits the hornet but does no damage.
The hornet is severely wounded.
The hornet stings you!
* * * LOW HITPOINT WARNING * * *
You feel as though you will be slow longer.
You block the hornet's attack.
Unknown command.
Unknown command.
Blink to where?
Press: ? - help, Dir - move target
As you read the scroll of blinking, it crumbles to dust.
You feel sick.
Okay, then.
Okay, then.
As you read the scroll of teleportation, it crumbles to dust.
You feel strangely unstable.
You feel sick.
You are no longer poisoned.
Your surroundings suddenly seem different. 4 dart slugs, 3 orcs, a water moccasin and 3 electric eels come into view.
Found six items.
Found three stone staircases leading up.
The orc warrior shouts!
You hear an angry hiss.
An orc comes into view. It is wielding a +0 short sword.
The electric eel shoots out a bolt of lightning at you!
The bolt of electricity hits you!
You die...

.. . ..##~~.~~#
#.! ..#w≈~#~~≈~
.....#~≈~~~~≈≈~
..#~≈≈≈≈≈~~≈≈
.w#≈≈≈≈≈≈~≈≈
#≈≈≈≈≈≈≈~≈≈
####~≈≈≈≈~~~~
#~~~~@#
.o.w~~?.[<.<<.!
...~≈#.?.≈..$~~


.ooo ≈≈~~≈~~≈~~ ... ~S≈~≈#~S≈S~ .. #w~≈≈≈≈~~≈≈≈ . .#~≈≈≈S ~~~≈ .####~#≈≈≈~~~ You
could see an orc warrior, a water moccasin (asleep), 3 electric eels, 4 dart
slugs and 3 orcs.

Vanquished Creatures
  A two-headed ogre (D:8)
  A centaur warrior (D:8)
  A troll (D:8)
  Grinder (D:5)
  Sigmund (D:3)
  Eustachio (D:6)
  An acid dragon (D:8)
  A water moccasin (D:8)
  Duvessa (D:5)
  A black bear (D:8)
  An ogre (D:4)
  3 wolves (D:8)
  2 centaurs
  A phantom (D:5)
  Blork the orc (D:5)
  A bullfrog (D:9)
  A kobold brigand (D:9)
  A gnoll sergeant (D:5)
  2 scorpions
  3 wights (D:8)
  Dowan (D:5)
  3 killer bees
  4 electric eels (D:8)
  6 howler monkeys
  2 orc priests (D:5)
  4 gnoll boudas
  6 hounds
  An iguana (D:4)
  Ijyb (D:5)
  An orc wizard (D:9)
  A hell rat (Sewer)
  19 gnolls
  6 adders
  2 river rats (Sewer)
  2 white imps
  2 ufetubi (D:5)
  4 ribbon worms
  4 dart slugs
  15 orcs
  7 ball pythons
  5 endoplasms
  2 giant cockroaches (D:1)
  10 goblins
  7 hobgoblins
  11 jackals
  14 kobolds
  3 quokkas
  5 bats
  4 frilled lizards
  8 rats
186 creatures vanquished.

Vanquished Creatures (others)
  A kobold (D:9)
  338 foxfires
339 creatures vanquished.

Grand Total: 525 creatures vanquished

Notes
Turn   | Place    | Note
-------+----------+-------------------------------------------
     0 | D:1      | bronco the Mountain Dwarf Fire Elementalist began the quest
                  | for the Orb.
     0 | D:1      | Reached XP level 1. HP: 14/14 MP: 3/3
   169 | D:1      | Reached skill level 4 in Fire Magic
   267 | D:1      | Reached XP level 2. HP: 20/20 MP: 0/4
   764 | D:2      | Reached skill level 5 in Fire Magic
   845 | D:2      | Reached XP level 3. HP: 26/26 MP: 2/5
  1653 | D:3      | Reached skill level 6 in Fire Magic
  1653 | D:3      | Reached XP level 4. HP: 33/33 MP: 4/6
  1656 | D:3      | Learned a level 2 spell: Scorch
  1750 | D:3      | Noticed Sigmund
  1756 | D:3      | Learned a level 3 spell: Volatile Blastmotes
  1764 | D:3      | Killed Sigmund
  1765 | D:3      | Reached skill level 8 in Fire Magic
  1765 | D:3      | Reached XP level 5. HP: 38/38 MP: 3/7
  1766 | D:3      | Reached XP level 6. HP: 45/45 MP: 1/8
  2782 | D:4      | Reached skill level 9 in Fire Magic
  3051 | D:4      | Found a staircase to the Ecumenical Temple.
  3071 | Temple   | Entered the Ecumenical Temple
  3256 | D:4      | Identified the +0 leather armour of the Robin {*Slow rElec
                  | Str+4}
  3345 | D:4      | Reached XP level 7. HP: 50/50 MP: 9/9
  3414 | D:4      | Learned a level 3 spell: Inner Flame
  3617 | D:4      | Reached skill level 10 in Fire Magic
  4127 | D:5      | Entered Level 5 of the Dungeon
  4653 | D:5      | Noticed Duvessa
  4653 | D:5      | Noticed Dowan
  4668 | D:5      | Noticed Grinder
  4672 | D:5      | Found a blossoming altar of Fedhas.
  4754 | D:5      | Noticed Ijyb
  4783 | D:5      | Killed Ijyb
  4977 | D:5      | Found Myathres's Antique Weapon Shoppe.
  5125 | D:5      | Killed Duvessa
  5126 | D:5      | Reached XP level 8. HP: 57/57 MP: 14/14
  5130 | D:5      | Killed Dowan
  5426 | D:5      | Noticed Blork the orc
  5446 | D:5      | Killed Blork the orc
  5972 | D:5      | Killed Grinder
  5973 | D:5      | Reached skill level 5 in Spellcasting
  6169 | D:6      | Learned a level 4 spell: Flame Wave
  6178 | D:6      | Found a glowing drain.
  6194 | Sewer    | Entered a sewer
  6424 | D:6      | Noticed Eustachio
  6434 | D:6      | Killed Eustachio
  6496 | D:6      | You fall into a shaft and drop 3 floors!
  6514 | D:10     | Entered Level 10 of the Dungeon
  6726 | D:9      | Identified the staff of Ewna {rN+ Air Earth}
  6761 | D:9      | Reached XP level 9. HP: 38/62 MP: 5/19
  7128 | D:8      | Noticed a troll
  7136 | D:8      | Killed a troll
  7146 | D:8      | Noticed a two-headed ogre
  7180 | D:8      | Killed a two-headed ogre
  7300 | D:8      | Reached skill level 1 in Conjurations
  7562 | D:8      | Noticed a centaur warrior
  7577 | D:8      | Killed a centaur warrior
  7578 | D:8      | Reached XP level 10. HP: 33/69 MP: 12/23
  7716 | D:8      | Reached skill level 5 in Conjurations
  8014 | D:8      | Found a staircase to the Lair.
  8065 | D:7      | Killed from afar by an electric eel

Illustrated notes

Levels and vault maps discovered:
D:1:      sevenhm_arrival_forest_fort_small_5, layout_basic
D:2:      layout_rooms
D:3:      layout_loops_ring, guppyfry_early_lair_pool, uniq_sigmund
D:4:      layout_cave_pods, minmay_temple_entry_glassed_door
D:5:      layout_basic, fedhas_altar_1, serial_shops, nicolae_shop_crystal,
          grunt_ministairs_15, uniq_ijyb, uniq_duvessa, uniq_grinder,
          uniq_blork_the_orc
D:6:      cheibrodos_iron_armory, layout_rooms,
          grunt_temple_overflow_magic_moments, cheibrodos_sewer_entry_bend,
          minmay_lizard_king, uniq_eustachio
D:7:      kennysheep_slugbush, layout_loops_ring,
          amethyst_overflow_temple_binary, chequers_serial_rivers_room_a
D:8:      minmay_curly_fans, layout_basic, erik_lair_island,
          kennysheep_generic_room_3
D:9:      layout_long_grid, erik_orc_1, minmay_misc_feat_secret_circle
D:10:     layout_loops_corners, uniq_urug, uniq_erica
Temple:   compressed_dpeg_triangle_lava_temple

Skill      XL: |  1  2  3  4  5  6  7  8  9 10 |
---------------+-------------------------------+-----
Fire Magic     | 4 5 6 8 9 10 | 10.6
Spellcasting   | 4 7 9 |  9.4
Conjurations   | 4 5 |  5.8
Dodging        | |  1.3
Stealth        | |  1.4

Action                     |  1- 3 |  4- 6 |  7- 9 | 10-12 || total
---------------------------+-------+-------+-------+-------++-------
  Melee: Short sword       |    42 |    43 |    45 |     7 ||   137
         Unarmed           |     1 |       |       |       ||     1
   Cast: Foxfire           |    60 |    42 |    97 |    14 ||   213
         Scorch            |       |    20 |    57 |    11 ||    88
         Volatile Blastmot |       |     2 |    37 |     2 ||    41
         Flame Wave        |       |       |     1 |       ||     1
    Use: Scroll            |     7 |     3 |     9 |     2 ||    21
         Potion            |       |     1 |       |       ||     1
 Armour: Robe              |    31 |    24 |    74 |    20 ||   149
         Skin              |       |    18 |       |       ||    18
  Dodge: Dodged            |    35 |    25 |    50 |    12 ||   122
  Block: Other             |       |       |    26 |     3 ||    29
         Reflection        |       |       |     4 |       ||     4

Table legend: (Time is in decaauts)
 A = Elapsed time spent in this place.
 B = Non-inter-level travel time spent in this place.
 C = Inter-level travel time spent in this place.
 D = Time resting spent in this place.
 E = Time spent auto-exploring this place.
 F = Levels seen in this place.
 G = Mean time per level.
                   A        B        C        D        E       F      G
               +--------+--------+--------+--------+--------+-----+--------+
         Total |   8097 |   7945 |    152 |   1798 |   4488 |  12 |  674.8 |
       Dungeon |   7877 |   7725 |    152 |   1792 |   4329 |  10 |  787.7 |
        Temple |     15 |     15 |      0 |      0 |      0 |   1 |   15.0 |
         Sewer |    204 |    204 |      0 |      6 |    158 |   1 |  204.0 |
               +--------+--------+--------+--------+--------+-----+--------+

Top non-repeatable levels by time:
     D:5: 1799 daAuts
     D:4: 1623 daAuts
     D:8: 1267 daAuts
     D:3: 1071 daAuts
     D:2: 867 daAuts
     D:1: 761 daAuts
     D:9: 260 daAuts
   Sewer: 204 daAuts
     D:6: 170 daAuts
     D:7: 31 daAuts
    D:10: 24 daAuts
  Temple: 15 daAuts
